 Dungeon Sprint DCSS version 0.17.0-56-gd8de76c (webtiles) character file.

426 kosy22 the Summoner (level 6, -1/32 HPs)
             Began as a Deep Elf Summoner on Dec 5, 2015.
             Was a Believer of Sif Muna.
             Slain by a deep troll (2 damage)
             ... in the Dungeon (Sprint I: "Red Sonja").
             The game lasted 00:06:45 (671 turns).

kosy22 the Summoner (Deep Elf Summoner)              Turns: 671, Time: 00:06:47

Health: -1/32      AC:  2    Str:  6    XL:     6   Next: 64%
Magic:  1/22       EV: 15    Int: 21    God:    Sif Muna [**....]
Gold:   405        SH:  0    Dex: 15    Spells: 5 memorised, 13 levels left

rFire  . . .     SeeInvis .     (no weapon)
rCold  . . .     Clarity  .     a - +0 robe
rNeg   . . .     SustAt   .     (no shield)
rPois  .         Gourm    .     (no helmet)
rElec  .         Spirit   .     (no cloak)
rCorr  .         Warding  .     (no gloves)
rMut   .         NoTele   +     (no boots)
MR     .....                    (no amulet)
Stlth  +++.......               (no ring)
                                (no ring)

@: not resistant to hostile enchantments, fairly stealthy
A: no striking features
a: Channel Energy, Forget Spell, Renounce Religion


You were in the Dungeon.
You worshipped Sif Muna.
Sif Muna was pleased with you.
You were not hungry.

You visited 1 branch You collected 405 gold pieces.

Inventory:

Missiles
 e - 8 curare-tipped needles
Armour
 a - a +0 robe (worn)
 j - the cursed -1 helmet "Veuhi" {+Inv Int+7 Slay-4, unknown}
   (You found it in the Dungeon)

   It affects your intelligence (+7).
   It affects your accuracy and damage with ranged weapons and melee attacks
   (-4).
   It lets you turn invisible.
   It has a curse placed upon it.
Wands
 k - a wand of frost (27)
Potions
 d - a potion of curing
 f - a potion of haste
 g - a potion of magic
 h - a potion of berserk rage
Books
 b - a book of Callings

   Spells                             Type                      Level
   a - Summon Small Mammal            Summoning                    1
   b - Call Imp                       Summoning                    2
   c - Call Canine Familiar           Summoning                    3
   d - Summon Guardian Golem          Hexes/Summoning              3
   e - Summon Lightning Spire         Summoning/Air                4
   f - Summon Ice Beast               Ice/Summoning                4
Comestibles
 c - a bread ration


   Skills:
 + Level 0.2 Fighting
 + Level 5.0 Dodging
 + Level 4.4 Stealth
 + Level 11.3 Spellcasting
 + Level 11.5 Summonings
 + Level 3.0 Ice Magic
 + Level 1.3 Air Magic


You had 13 spell levels left.
You knew the following spells:

 Your Spells              Type           Power        Failure   Level  Hunger
a - Summon Small Mammal   Summ           ####         1%          1    None
b - Call Canine Familiar  Summ           ######..     1%          3    None
c - Call Imp              Summ           ######..     1%          2    None
d - Summon Ice Beast      Ice/Summ       #####...     2%          4    #......
e - Summon Lightning Spi  Summ/Air       #####...     4%          4    #......


Dungeon Overview and Level Annotations

Branches:
Dungeon (1/1)

Altars:
Elyvilon
Gozag
Kikubaaqudgha
Makhleb
Nemelex Xobeh
Okawaru
Qazlal
Ru
Sif Muna
Trog
Vehumet
Xom
Yredelemnul
Zin
The Shining One

Shops:
D (


Message History

Your ice beast hits the deep troll but does no damage.
The deep troll bites your ice beast! The deep troll misses your ice beast.
The deep troll barely misses your ice beast.
Your ice beast hits the deep troll.
Your ice beast freezes the deep troll!
The deep troll bites your ice beast!!
Your ice beast dies!
The deep troll shouts!
The deep troll misses you. The deep troll claws you!
The deep troll closely misses you.
Casting: Summon Lightning Spire
Confirm with . or Enter, or press ? or * to list all spells.
Aiming: Summon Lightning Spire
Press: ? - help, Dir - move target cursor An electric hum fills the air.
Your lightning spire disappears in a puff of smoke!
The deep troll misses you. The deep troll claws you!!
Ouch! That really hurt!
* * * LOW HITPOINT WARNING * * *
The deep troll claws you.
You die...

#.[#####'#####'#
#..####..#...#)#
#..#__####..##.#
#..#_..__##'#..+
#⌠⌠#_.∩...'..._#
####_..._##_.#+#
#_____###'#
#########.####+###
+@T§'$$.$$+
#.8.####### ##.##
#+#


You could see a deep troll and a friendly lightning spire.

Vanquished Creatures (collateral kills)
  Sigmund (D)
  A yak (D)
  An ogre (D)
  A jelly (D)
  Ijyb (D)
5 creatures vanquished.

Vanquished Creatures (others)
  Sonja (D)
  A gargoyle (D)
2 creatures vanquished.

Grand Total: 7 creatures vanquished

Notes
Turn   | Place    | Note
--------------------------------------------------------------
     0 | D        | kosy22 the Deep Elf Summoner began the quest for the Orb.
     0 | D        | Reached XP level 1. HP: 10/10 MP: 6/6
     6 | D        | Noticed Ijyb
    72 | D        | Killed Ijyb
    72 | D        | Reached skill level 5 in Summonings
    72 | D        | Reached XP level 2. HP: 10/15 MP: 1/9
   146 | D        | Noticed an ogre
   158 | D        | Killed an ogre
   158 | D        | Reached skill level 6 in Spellcasting
   158 | D        | Reached skill level 7 in Summonings
   158 | D        | Reached XP level 3. HP: 17/19 MP: 5/12
   170 | D        | Learned a level 3 spell: Call Canine Familiar
   173 | D        | Learned a level 2 spell: Call Imp
   182 | D        | Noticed Sigmund
   202 | D        | Killed Sigmund
   202 | D        | Reached skill level 8 in Spellcasting
   202 | D        | Reached skill level 9 in Summonings
   202 | D        | Reached XP level 4. HP: 10/24 MP: 2/16
   382 | D        | Learned a level 4 spell: Summon Ice Beast
   387 | D        | Learned a level 4 spell: Summon Lightning Spire
   405 | D        | Found a deep blue altar of Sif Muna.
   406 | D        | Noticed a jelly
   407 | D        | Found a radiant altar of Vehumet.
   409 | D        | Got a twisted helmet
   412 | D        | Killed a jelly
   412 | D        | Reached XP level 5. HP: 28/28 MP: 10/17
   420 | D        | Found Cusaxtuxed's Antique Weapon Emporium.
   420 | D        | Found a white marble altar of Elyvilon.
   420 | D        | Found a stormy altar of Qazlal.
   420 | D        | Found a burning altar of Makhleb.
   420 | D        | Found a sacrificial altar of Ru.
   420 | D        | Found a basalt altar of Yredelemnul.
   420 | D        | Found a glowing golden altar of the Shining One.
   420 | D        | Found a sparkling altar of Nemelex Xobeh.
   420 | D        | Found a shimmering altar of Xom.
   420 | D        | Found an opulent altar of Gozag.
   420 | D        | Found an ancient bone altar of Kikubaaqudgha.
   420 | D        | Found a glowing silver altar of Zin.
   420 | D        | Noticed a yak
   424 | D        | Killed a yak
   424 | D        | Reached skill level 10 in Summonings
   427 | D        | Found an iron altar of Okawaru.
   428 | D        | Found a bloodstained altar of Trog.
   448 | D        | Killed a gargoyle
   450 | D        | Became a worshipper of Sif Muna the Loreminder
   492 | D        | Noticed Sonja
   569 | D        | Killed Sonja
   569 | D        | Reached * piety under Sif Muna
   569 | D        | Reached ** piety under Sif Muna
   569 | D        | Reached skill level 5 in Dodging
   569 | D        | Reached skill level 11 in Spellcasting
   569 | D        | Reached skill level 1 in Air Magic
   569 | D        | Reached XP level 6. HP: 22/32 MP: 15/22
   652 | D        | Noticed a deep troll
   671 | D        | HP: 1/32 [deep troll (18)]
   671 | D        | Slain by a deep troll

Action                   |  1- 3 |  4- 6 || total
-------------------------+-------+-------++-------
 Cast: Summon Small Mamm |    17 |       ||    17
       Call Imp          |     3 |     1 ||     4
       Call Canine Famil |     1 |     4 ||     5
       Summon Ice Beast  |       |    12 ||    12
       Summon Lightning  |       |     4 ||     4
  Use: Potion            |       |     3 ||     3
       Scroll            |       |     1 ||     1
